 Dungeon Crawl Stone Soup version 0.27.1 (webtiles) character file.

Game seed: 1220437565590762803

291 Malachi the Vandal (level 6, -4/63 HPs)
             Began as an Octopode Hunter on Aug 26, 2021.
             Slain by a river rat (6 damage)
             ... on level 4 of the Dungeon.
             The game lasted 00:06:40 (3917 turns).

Malachi the Vandal (Octopode Hunter)                Turns: 3917, Time: 00:06:40

Health: -4/63      AC:  1    Str: 11      XL:     6   Next: 32%
Magic:  6/6        EV: 13    Int: 14 (15) God:
Gold:   127        SH:  0    Dex: 12 (13) Spells: 5/5 levels left

rFire    . . .     SeeInvis .   i - +0 dagger (freeze)
rCold    . . .     Faith    .   (no shield)
rNeg     . . .     Spirit   .   (helmet restricted)
rPois    .         Reflect  .   (no amulet)
rElec    .         Harm     .   (no ring)
rCorr    .         Rampage  .   (no ring)
Will     .....                  (no ring)
Stlth    ..........             (no ring)
HPRegen  0.20/turn              (no ring)
MPRegen  0.10/turn              (no ring)
                                (no ring)
                                (no ring)

@: mighty, berserking (expiring), hasted, very quick
A: almost no armour, amphibious, 8 rings, camouflage 1, gelatinous body 1,
nimble swimmer 1, tentacles
a: no special abilities


You were on level 4 of the Dungeon.
You visited 1 branch of the dungeon, and saw 4 of its levels.

You collected 127 gold pieces.

Inventory:

Hand Weapons
 a - a +1 hunting sling
 i - a +0 dagger of freezing (weapon)
Missiles
 f - 89 stones (quivered)
 k - 8 sling bullets
Jewellery
 c - a ring of ice
Scrolls
 b - a scroll of immolation
 d - a scroll of amnesia
Potions
 j - 2 potions of curing
 l - a potion of brilliance {unknown}


   Skills:
 + Level 3.2 Fighting
 + Level 6.7 Slings
 + Level 2.1 Dodging
 + Level 2.2 Stealth


You had 5 spell levels left.
You didn't know any spells.
Your spell library was empty.

Dungeon Overview and Level Annotations

Branches:
Dungeon (4/15)             Temple (0/1) D:4

Altars:
Kikubaaqudgha
Sif Muna
Trog

Shops:
D:1 ?

Annotations:
D:3 Terence


Innate Abilities, Weirdness & Mutations

You cannot wear most types of armour.
You are amphibious.
You can wear up to eight rings at the same time.
Your skin changes colour to match your surroundings (Stealth+).
Your rubbery body absorbs attacks. (AC +1, EV +1)
You are camouflaged near water. (Stealth+)
You have tentacles for arms and can constrict up to eight enemies at once.


Message History

A red film seems to cover your vision as you go berserk!
You feel yourself moving faster!
You feel mighty!
The rat splashes around in the water.
The river rat closely misses you.
You closely miss the river rat. You grab the river rat.
The river rat is almost dead.
You constrict the river rat, but do no damage.
You barely miss the rat. Your grab misses the rat. You constrict the river rat.
The rat barely misses you. The river rat bites you.
* * * LOW HITPOINT WARNING * * *
The rat bites you.
* * * LOW HITPOINT WARNING * * *
You hit the rat. You freeze the rat.
You kill the rat!
You constrict the river rat.
You kill the river rat!
The rat closely misses you.
Things that are here:
a stone; a worm corpse You hit the worm.
You freeze the worm. You grab the worm.
The worm is moderately wounded.
You constrict the worm. The worm closely misses you.
You hit the worm. You freeze the worm.
The worm is severely wounded.
You constrict the worm. You hit the worm. You freeze the worm.
The worm is almost dead.
You constrict the worm. The rat bites you.
* * * LOW HITPOINT WARNING * * *
You puncture the worm! You freeze the worm.
You kill the worm!
You closely miss the rat. You grab the rat. You constrict the rat.
The rat splashes around in the water.
The river rat closely misses you.
You closely miss the river rat. You grab the river rat.
You constrict the river rat, but do no damage.
You constrict the rat.
You kill the rat!
You closely miss the black bear. You grab the black bear.
You constrict the river rat. You constrict the black bear.
The river rat bites you.
You die...

#[ ###..###...#.##
#...#.......P. #
##......#.........
#.....## #......#
###...#####.... #
##≈≈........
#≈≈≈.....#
##≈#######≈#...####
#≈≈≈≈r@h(#h≈≈...##
########(#≈#S....#
#≈≈ww≈#r≈≈≈......
≈≈≈≈#w#≈#≈#S.......
## #≈#≈#†#≈....#..
≈ #≈≈≈#.....# . ##
#####.......
...[..B ....


You could see a black bear and a river rat.

Vanquished Creatures
  An ogre (D:4)
  Natasha (thrice) (D:3)
  3 adders
  A river rat (D:4)
  3 worms
  3 dart slugs
  3 orcs (D:3)
  5 ball pythons
  7 endoplasms
  2 giant cockroaches
  9 goblins
  4 hobgoblins
  6 jackals
  3 quokkas
  7 bats
  3 frilled lizards
  9 kobolds
  8 rats
80 creatures vanquished.

Vanquished Creatures (others)
  13 plants (D:3)
13 creatures vanquished.

Grand Total: 93 creatures vanquished

Notes
Turn   | Place    | Note
-------+----------+-------------------------------------------
     0 | D:1      | Malachi the Octopode Hunter began the quest for the Orb.
     0 | D:1      | Reached XP level 1. HP: 14/14 MP: 1/1
    55 | D:1      | Reached XP level 2. HP: 19/19 MP: 2/2
   518 | D:1      | Found Pysulorgh's Magic Scroll Shoppe.
   630 | D:1      | Reached XP level 3. HP: 24/24 MP: 3/3
  1103 | D:2      | Reached skill level 5 in Slings
  1326 | D:2      | Reached XP level 4. HP: 29/30 MP: 4/4
  1812 | D:3      | Noticed Natasha
  1817 | D:3      | Killed Natasha
  1854 | D:3      | Noticed Terence
  2083 | D:3      | Noticed Natasha
  2091 | D:3      | Killed Natasha
  2092 | D:3      | Reached XP level 5. HP: 27/35 MP: 5/5
  2125 | D:3      | Noticed Natasha
  2127 | D:3      | Killed Natasha
  2128 | D:3      | Reached skill level 6 in Slings
  3392 | D:3      | Found an ancient bone altar of Kikubaaqudgha.
  3392 | D:3      | Found a shimmering blue altar of Sif Muna.
  3568 | D:4      | Noticed an ogre
  3577 | D:4      | Killed an ogre
  3578 | D:4      | Reached XP level 6. HP: 42/42 MP: 6/6
  3821 | D:4      | Found a bloodstained altar of Trog.
  3867 | D:4      | Noticed a black bear
  3869 | D:4      | Found a staircase to the Ecumenical Temple.
  3908 | D:4      | HP: 3/63 [rat (3)]
  3913 | D:4      | HP: 2/63 [rat (2)]
  3917 | D:4      | Slain by a river rat

Illustrated notes

Levels and vault maps discovered:
D:1:      beargit_arrival_diablo_church, layout_basic, serial_shops, shop,
          due_unseen_surprise
D:2:      layout_loops_ring, st_stairs_12
D:3:      layout_loops_ring, mainiacjoe_overflow_divided_tiny,
          serial_bayou_lagoon_a, uniq_natasha, uniq_terence
D:4:      layout_cave_pools, kennysheep_little_box,
          chequers_temple_overflow_statue_of_worship,
          minmay_temple_entry_gardened_gates, lightli_sewer_entry_pipes,
          chequers_serial_rivers_micro_a, kennysheep_generic_room_9, uniq_pikel

Skill      XL: |  1  2  3  4  5 |
---------------+----------------+-----
Slings         | 5 6 |  6.7
Stealth        | 2 |  2.2
Fighting       | 3 |  3.2
Dodging        | |  2.1

Action                   |  1- 3 |  4- 6 || total
-------------------------+-------+-------++-------
Melee: Dagger            |       |    12 ||    12
       Constrict         |       |     6 ||     6
 Fire: Hunting sling     |    75 |   179 ||   254
  Use: Scroll            |       |     4 ||     4
       Potion            |       |     4 ||     4
Armor: Skin              |     3 |     4 ||     7
Dodge: Dodged            |    13 |    54 ||    67
